AoeStats
← 瓦兰吉程咬金三板斧

Arena

511022276Analyzed
4v4 RM · 3h ago on Oct 3, 2026· 34m 22s· 8 players
Game mode
Random Map
Map size
Large (8 player)
Population
200
Speed
Normal
Resources
Standard
Victory
Conquest
Starting age
Dark Age
Ending age
Imperial Age
RankedLock teamsTeams togetherTeam positionsShared explorationLock speedFull tech treeHidden civsTurbo modeCheats
Victory
Defeat
1404
+13
🇯🇵 Poles · Japan
1365
+15
🇨🇳 Portuguese · China
1338
+16
🇭🇰 Italians · Hong Kong SAR China
1274
+18
🇺🇸 Burmese · United States
1368
-17
🇸🇰 Magyars · Slovakia
1365
-17
🇦🇷 Hindustanis · Argentina
1304
-14
🇮🇳 Vietnamese · India
1299
-14
iceredtea256
10:50 Feudal Age
11:27 Loom
14:52 Castle Age
14:20 Double-Bit Axe
14:21 Horse Collar
24:54 Imperial Age
22:54 Gold Mining
23:16 Bow Saw
23:27 Stone Mining
24:09 Fletching
29:10 Bodkin Arrow
31:27 Chemistry
31:45 Padded Archer Armor
34:08 Heavy Plow
hirai
10:56 Feudal Age
11:44 Double-Bit Axe
14:50 Castle Age
13:09 Horse Collar
16:22 Heavy Plow
20:32 Bow Saw
21:21 Wheelbarrow
21:09 Stone Mining
22:39 Hand Cart
22:40 Loom
24:14 Gold Mining
25:46 Forging
25:43 Scale Barding Armor
26:21 Szlachta Privileges
26:17 Town Watch
29:43 Imperial Age
27:50 Chain Barding Armor
28:05 Iron Casting
27:36 Husbandry
28:44 Iron Casting
28:39 Bloodlines
31:23 Crop Rotation
31:59 Blast Furnace
30:35 Cavalier
30:56 Light Cavalry
32:05 Conscription
31:46 Winged Hussar
33:49 Lechitic Legacy
33:37 Fletching
33:48 Scale Mail Armor
34:50 Chemistry
33:56 Siege Engineers
35:04 Chain Mail Armor
34:44 Bodkin Arrow
黑石塔
12:35 Feudal Age
13:49 Double-Bit Axe
16:38 Castle Age
15:17 Horse Collar
21:31 Imperial Age
19:23 Gold Mining
19:40 Stone Mining
21:39 Bow Saw
24:00 Chemistry
26:40 Loom
29:02 Bombard Tower
28:22 Light Cavalry
29:52 Bloodlines
30:21 Forging
30:24 Fletching
31:12 Husbandry
32:27 Iron Casting
33:22 Padded Archer Armor
33:45 Ballistics
33:27 Arquebus
瓦兰吉程咬金三板斧
9:20 Feudal Age
11:05 Double-Bit Axe
13:37 Castle Age
11:47 Horse Collar
15:00 Wheelbarrow
15:33 Bow Saw
22:09 Heavy Plow
24:06 Hand Cart
23:51 Loom
24:31 Gold Mining
27:56 Imperial Age
27:38 Ballistics
27:25 Scale Barding Armor
27:31 Forging
26:45 Light Cavalry
27:58 Capped Ram
29:41 Chemistry
28:04 Hussar
28:54 Bloodlines
29:19 Drill
29:59 Gold Shaft Mining
29:55 Siege Ram
30:58 Heavy Scorpion
33:09 Siege Engineers
33:08 Husbandry
FATBOY <OBAMA>
10:19 Feudal Age
14:05 Castle Age
13:21 Horse Collar
15:47 Redemption
15:48 Fervor
15:58 Sanctity
20:10 Atonement
22:42 Loom
22:42 Town Watch
22:42 Loom
28:56 Heavy Plow
30:37 Wheelbarrow
31:14 Fletching
32:15 Bodkin Arrow
GhosTSnihsa
10:30 Feudal Age
12:16 Double-Bit Axe
14:48 Castle Age
13:01 Horse Collar
15:54 Bow Saw
16:10 Heavy Plow
20:31 Wheelbarrow
20:09 Loom
20:55 Gold Mining
22:42 Hand Cart
23:22 Fervor
23:30 Forging
23:20 Town Watch
23:48 Stone Mining
28:57 Imperial Age
27:37 Gold Shaft Mining
27:28 Scale Barding Armor
28:08 Iron Casting
29:58 Chain Barding Armor
29:59 Bloodlines
29:50 Husbandry
30:56 Blast Furnace
29:41 Heavy Camel Rider
30:42 Grand Trunk Road
31:41 Light Cavalry
32:42 Imperial Camel Rider
Wololo
10:06 Feudal Age
15:06 Castle Age
12:54 Loom
13:43 Horse Collar
15:49 Double-Bit Axe
17:35 Bow Saw
19:52 Wheelbarrow
19:58 Heavy Plow
26:00 Gold Mining
27:39 Stone Mining
28:25 Gold Shaft Mining
27:42 Fletching
27:53 Padded Archer Armor
27:59 Scale Barding Armor
27:42 Light Cavalry
28:23 Husbandry
28:53 Bloodlines
28:53 Bodkin Arrow
30:32 Hand Cart
31:24 Leather Archer Armor
31:30 Chain Barding Armor
34:25 Imperial Age
33:23 Ballistics
32:45 Treadmill Crane
33:15 Masonry
33:20 Town Watch
moneyfusion06
10:28 Feudal Age
14:48 Castle Age
13:03 Double-Bit Axe
13:47 Horse Collar
22:12 Loom
23:32 Fletching
24:29 Wheelbarrow
24:35 Bodkin Arrow
28:56 Imperial Age
29:01 Masonry
Connection lost

Rejoining the realm…

Still unreachable

The connection could not be restored.

Session expired

The server has moved on; the page needs a fresh start.